 Dungeon Crawl Stone Soup version 0.29.0-4-gdea44cf6ec (webtiles) character file.

Game seed: 3877612066582772021

21 qw the Chopper (level 2, 0/17 HPs)
             Began as a Tengu Warper on Aug 28, 2022.
             Slain by a gnoll
             ... wielding a +0 flail
              (2 damage)
             ... on level 1 of the Dungeon.
             The game lasted 00:00:06 (1066 turns).

qw the Chopper (Tengu Warper)                       Turns: 1066, Time: 00:00:06

Health: 0/17       AC:  5    Str: 11    XL:     2   Next: 87%
Magic:  0/6        EV: 10    Int: 13    God:
Gold:   10         SH:  0    Dex: 13    Spells: 5/5 levels left

rFire   + . .      SeeInvis .   Y - +0 hand axe
rCold   . . .      Faith    .   (no shield)
rNeg    . . .      Spirit   +   o - +0 ring mail
rPois   .          Reflect  .   a - +0 hat {Will+}
rElec   .          Harm     .   (no cloak)
rCorr   .          Rampage  .   (no gloves)
Will    +....                   (boots unavailable)
Stlth   +.........              m - amulet of guardian spirit
HPRegen 0.05/turn               l - ring of protection from fire
MPRegen 0.10/turn               (no ring)

@: no status effects
A: beak, talons 3
a: no special abilities


You were on level 1 of the Dungeon.
You visited 1 branch of the dungeon, and saw 2 of its levels.

You collected 10 gold pieces.


Innate Abilities, Weirdness & Mutations

You have a beak for a mouth.
You have claws for feet.


   Skills:
 - Level 2.0 Fighting
 + Level 3.6 Axes
 - Level 1.0 Throwing
 - Level 1.1 Armour
 - Level 2.1 Dodging
 - Level 2.0 Spellcasting
 - Level 2.4 Translocations


You had 5 spell levels left.
You didn't know any spells.
Your spell library contained the following spells:

 Spells                   Type           Power      Damage    Failure   Level
 Blink                    Tloc           14%        N/A       34%         2
 Gell's Gravitas          Tloc           7%         N/A       56%         3
 Lesser Beckoning         Tloc           7%         N/A       56%         3
 Teleport Other           Tloc           7%         N/A       56%         3
 Manifold Assault         Tloc           7%         N/A       99%         5

Inventory:

Hand Weapons
 h - a +0 mace
 Y - a +0 hand axe (weapon)
Armour
 a - a +0 hat of willpower (worn)
 o - a +0 ring mail (worn)
Jewellery
 l - a ring of protection from fire (left hand)
 m - an amulet of guardian spirit (around neck)
Potions
 f - a potion of curing {unknown}
 i - a potion of attraction {unknown}

Dungeon Overview and Level Annotations

Branches:
Dungeon (2/15)

Altars:

Shops:
D:1 =(:


Message History

Your roots penetrate the ground.
You start waiting.
Your butterfly disappears in a burst of colours! x3
Your transformation is almost over.
Your butterfly's inner flame fades away.
Your butterfly disappears in a burst of colours!
HP restored.
You feel less wooden.
Your +0 hat of willpower unmelds from your body.
Your +0 ring mail unmelds from your body.
You feel strong-willed.
Done exploring.
1036 ||| DROPPING scroll of blinking.
You drop a scroll of blinking.
Done exploring.
1037 ||| DROPPING potion of lignification.
You drop a potion of lignification.
Done exploring.
(D) Dungeon
Where to? (* - list waypoints, ? - help)
What level of the Dungeon? (default 1, ? - help)
There is a stone staircase leading down here.
You climb downwards.
The gnoll shouts! x3; You hear a shout!
There is a stone staircase leading up here.
There are monsters nearby!
Existing waypoints: (2) D:1 Assign waypoint to what number? (0-9, D - delete waypoint) Waypoint 1 assigned to D:2.
1064 ||| STAIRDANCE The gnoll hits you from afar with a +0 halberd.
The gnoll hits you with a +1 flail of protection!
The gnoll hits you with a +0 flail!
You climb upwards.
There is a stone staircase leading down here.
You hit the gnoll.
The gnoll is moderately wounded.
You hit the gnoll. The gnoll hits you with a +0 flail.
You die...

#.##..#.#........###8.8#
#8.
#....#.................#
#..
###.###.#.#.#.#..#.....#
#..
##.#.##.#.#.#..#.#######.#
##.###..................#
#.# #.....####.##...####
####.# #..........#....#
#....# #.....######....#
#.#### #.g@g.# #.#### #.#
####### #.# #.# #.# #.#
#.# #.############## #.#
#.##...........# #.#
#.##.###..####.# #.#
#.##.# #..####.####.#
#.%..###..##.)......#


You could see 2 gnolls.

Vanquished Creatures
  A bat (D:1)
  2 endoplasms (D:1)
  2 giant cockroaches (D:1)
  A goblin (D:1)
  2 hobgoblins (D:1)
  2 quokkas (D:1)
  2 ball pythons (D:1)
  2 frilled lizards (D:1)
  A kobold (D:1)
  5 rats (D:1)
20 creatures vanquished.

Notes
Turn   | Place    | Note
-------+----------+-------------------------------------------
     0 | D:1      | qw the Tengu Warper began the quest for the Orb.
     0 | D:1      | Reached XP level 1. HP: 12/12 MP: 4/4
     0 | D:1      | 0 ||| qw: Version: 0.1-a-89-g26bdef1
     0 | D:1      | 0 ||| qw: Game counter: 3108
     0 | D:1      | 0 ||| qw: Always use a shield: true
     0 | D:1      | 0 ||| qw: God list: Okawaru
     0 | D:1      | 0 ||| qw: Allow faded altars: false
     0 | D:1      | 0 ||| qw: Do Orc after D:15 true
     0 | D:1      | 0 ||| qw: Do second Lair branch before Depths: true
     0 | D:1      | 0 ||| qw: Lair rune preference: random
     0 | D:1      | 0 ||| qw: Plans: Normal
     0 | D:1      | 0 ||| PLANNING D:1-11
   196 | D:1      | Reached XP level 2. HP: 17/17 MP: 6/6
   228 | D:1      | Reached skill level 3 in Axes
   235 | D:1      | Found Ufis's Jewellery Shoppe.
   245 | D:1      | 245 ||| SHOPLISTING +4 ring of protection (504 gold, have
                  | 10).
   245 | D:1      | 245 ||| SHOPLISTING ring "Cas Fega" {Wiz Dex+2} (576 gold,
                  | have 10).
   245 | D:1      | 245 ||| SHOPLISTING ring of fire (350 gold, have 10).
   245 | D:1      | 245 ||| SHOPLISTING ring of ice (350 gold, have 10).
   245 | D:1      | 245 ||| SHOPLISTING ring of positive energy (280 gold, have
                  | 10).
   245 | D:1      | 245 ||| SHOPLISTING ring of willpower (350 gold, have 10).
   336 | D:1      | Found Kaplinut's Antique Weapon Emporium.
   343 | D:1      | 343 ||| SHOPLISTING glowing war axe (130 gold, have 10).
   343 | D:1      | 343 ||| SHOPLISTING runed hand axe (120 gold, have 10).
   587 | D:1      | Found Xexohouv's Book Boutique.
   976 | D:1      | 976 ||| UPGRADING to +0 ring mail.
   986 | D:1      | 986 ||| DROPPING +0 leather armour.
   987 | D:1      | 987 ||| UPGRADING to amulet of guardian spirit.
   992 | D:1      | 992 ||| DROPPING ring of magical power.
   993 | D:1      | 993 ||| UPGRADING to ring of protection from fire.
   994 | D:1      | 994 ||| READING scroll labelled TUV PYVE UQAE.
   995 | D:1      | 995 ||| READING scroll labelled PURERO SIDE.
   996 | D:1      | 996 ||| READING scroll labelled COALLI TOAP.
   996 | D:1      | Identified a scroll of acquirement
   996 | D:1      | 996 ||| ACQUIRING +0 hat of willpower
   996 | D:1      | Acquired a +0 hat of willpower
   998 | D:1      | 998 ||| UPGRADING to +0 hat of willpower.
  1003 | D:1      | 1003 ||| READING scroll labelled HESMUS ODGH.
  1004 | D:1      | 1004 ||| READING scroll labelled EGOADU VOU.
  1005 | D:1      | 1005 ||| DRINKING 2 viscous coppery potions.
  1036 | D:1      | 1036 ||| DROPPING scroll of blinking.
  1037 | D:1      | 1037 ||| DROPPING potion of lignification.
  1064 | D:2      | 1064 ||| STAIRDANCE
  1064 | D:2      | HP: 2/17 [gnoll/+0 flail (6)]
  1066 | D:1      | Slain by a gnoll

Levels and vault maps discovered:
D:1:      psy_arrival_basics, layout_loops_cross, serial_shops,
          nicolae_shop_trees, nicolae_shop_trees, nicolae_shop_hallway_plus
D:2:      layout_loops_ring, hellmonk_ecumenical_altar_zigzags, basic_altar,
          uniq_natasha, uniq_sigmund, uniq_crazy_yiuf_cottage

Skill      XL: |  1  2 |
---------------+-------+-----
Axes           | 3 |  3.6
Fighting       | |  2.0
Throwing       | |  1.0
Armour         | |  1.1
Dodging        | |  2.1
Spellcasting   | |  2.0
Translocations | |  2.4

Action                   || total
-------------------------++-------
Melee: Hand axe          ||    52
       Kick              ||    13
       Peck              ||     7
Throw: Boomerang         ||     7
  Use: Scroll            ||     5
       Potion            ||     1
Armor: Leather armour    ||    10
Dodge: Dodged            ||    28

Table legend:
 A = Non-vault XP
 B = Vault XP
 C = Vault XP percentage of total XP
 D = Non-vault monster count
 E = Vault monster count
 F = Vault count percentage of total count
                 A         B        C        D         E       F
            +---------+---------+-------+---------+---------+-------
      Total |      31 |       0 |   0.0 |      20 |       0 |   0.0
            +---------+---------+-------+---------+---------+-------
        D:1 |      31 |       0 |   0.0 |      20 |       0 |   0.0
            +---------+---------+-------+---------+---------+-------
